 Dungeon Crawl Stone Soup version 0.25-a0-589-g1e14c549ee (webtiles) character file.

Game seed: 3402819824660495212, levelgen mode: deterministic

193 Lentor the Skirmisher (level 5, 0/43 HPs)
             Began as a Demonspawn Fighter on Mar 9, 2020.
             Succumbed to Crazy Yiuf's poison
             ... on level 3 of the Dungeon.
             The game lasted 00:07:33 (2931 turns).

Lentor the Skirmisher (Demonspawn Fighter)          Turns: 2931, Time: 00:07:34

Health: 0/43       AC: 11    Str: 18    XL:     5   Next: 44%
Magic:  3/5        EV:  7    Int:  9    God:
Gold:   122        SH:  9    Dex: 12    Spells: 4/4 levels left

rFire    . . .     SeeInvis .   a - +0 war axe
rCold    + . .     Gourm    +   c - +0 kite shield
rNeg     . . .     Faith    .   b - +0 scale mail
rPois    .         Spirit   .   (helmet restricted)
rElec    .         Reflect  .   (no cloak)
rCorr    .         Harm     .   q - +2 pair of gloves
MR       .....                  o - +0 pair of boots
Stlth    ..........             h - amulet of the gourmand
HPRegen  0.14/turn              (no ring)
MPRegen  0.09/turn              (no ring)

@: lethally poisoned (0 -> -2), very slightly contaminated, invisible
A: horns 1, cold resistance 1
a: no special abilities


You were on level 3 of the Dungeon.
You were not hungry.

You visited 1 branch of the dungeon, and saw 3 of its levels.

You collected 122 gold pieces.

Inventory:

Hand Weapons
 a - a +0 war axe (weapon)
Missiles
 j - 15 poisoned darts (quivered)
Armour
 b - a +0 scale mail (worn)
 c - a +0 kite shield (worn)
 o - a +0 pair of boots (worn)
 q - a +2 pair of gloves (worn)
Jewellery
 d - an uncursed amulet of guardian spirit {unknown}
 h - an amulet of the gourmand (around neck)
Wands
 r - a wand of flame (15)
Scrolls
 e - 5 scrolls of identify {unknown}
 g - a scroll of enchant weapon {unknown}
 m - a scroll of enchant armour {unknown}
 s - a scroll of noise {unknown}
Potions
 i - a potion of curing {unknown}
 k - a potion of brilliance {unknown}
 l - a potion of haste {unknown}
 n - a potion of degeneration {unknown}
 p - 3 potions of heal wounds {unknown}
Comestibles
 f - 8 rations


   Skills:
 + Level 4.3 Fighting
 * Level 3.8 Axes
 - Level 3.0 Armour
 - Level 0.3 Dodging
 - Level 3.0 Shields


You had 4 spell levels left.
You didn't know any spells.
Your spell library was empty.

Dungeon Overview and Level Annotations

Branches:
Dungeon (3/15)

Altars:
Sif Muna
Yredelemnul

Annotations:
D:3 Crazy Yiuf


Innate Abilities, Weirdness & Mutations

You have a pair of small horns on your head.
Your flesh is cold resistant. (rC+)


Message History

You block Crazy Yiuf's attack.
You hit Crazy Yiuf.
Crazy Yiuf is almost dead.
You feel sick.
Crazy Yiuf hits you with a +3 quarterstaff of chaos.
You feel your power leaking away.
You hit Crazy Yiuf but do no damage.
Crazy Yiuf is almost dead.
Crazy Yiuf hits you with a +3 quarterstaff of chaos.
Crazy Yiuf burns you.
Crazy Yiuf says, "Crazy?
Crazy!?
PORCUPINE!"
Crazy Yiuf hits you with a +3 quarterstaff of chaos.
You closely miss Crazy Yiuf.
Crazy Yiuf is almost dead.
Crazy Yiuf hits you with a +3 quarterstaff of chaos!
You convulse!
* * * LOW HITPOINT WARNING * * *
Your shield and scale mail prevent you from hitting Crazy Yiuf.
Crazy Yiuf is almost dead.
You die...

...............
...............
...............
##.........
#.........
###♣♣♣♣♣
#.........
##....♣)♣♣♣ ###
#..†......
##...PP.♣).♣#...#
#.........
#....♣P♣♣♣♣@g)..#
#.........
######....P♣♣
♣♣#..)#
#)†.......
........##♣♣ ###
#.........
###.....#
#..)......
#.....#
#.........
#.)...#### ###
#.........
#........# #.#
............
##'#####.#####.#
............. #.#
#.##....#
..............


You could see Crazy Yiuf.

Vanquished Creatures
  An orc priest (D:3)
  Robin (D:3)
  4 adders
  An ooze (D:1)
  3 worms (D:2)
  3 dart slugs
  2 leopard geckos
  9 orcs (D:3)
  2 giant cockroaches
  19 goblins
  12 hobgoblins
  A quokka (D:3)
  3 ball pythons
  11 bats
  5 frilled lizards
  5 kobolds
  7 rats
  A spectral orc (D:2)
  A fungus (D:3)
91 creatures vanquished.

Notes
Turn   | Place    | Note
-------+----------+-------------------------------------------
     0 | D:1      | Lentor the Demonspawn Fighter began the quest for the Orb.
     0 | D:1      | Reached XP level 1. HP: 18/18 MP: 1/1
    94 | D:1      | Gained mutation: You have a pair of small horns on your
                  | head. [demonic ancestry]
    94 | D:1      | Reached XP level 2. HP: 22/24 MP: 2/2
   381 | D:1      | Reached XP level 3. HP: 24/29 MP: 3/3
   674 | D:2      | Found a shimmering blue altar of Sif Muna.
  1317 | D:2      | Found a basalt altar of Yredelemnul.
  1653 | D:2      | Reached XP level 4. HP: 37/37 MP: 4/4
  2008 | D:3      | Noticed Robin
  2267 | D:3      | Killed Robin
  2267 | D:3      | Reached skill level 4 in Fighting
  2563 | D:3      | Gained mutation: Your flesh is cold resistant. (rC+)
                  | [demonic ancestry]
  2563 | D:3      | Reached XP level 5. HP: 39/42 MP: 5/5
  2916 | D:3      | Found a runed translucent door.
  2917 | D:3      | Noticed Crazy Yiuf
  2930 | D:3      | HP: 1/43 [Crazy Yiuf/+3 quarterstaff of chaos (12)]
  2931 | D:3      | Succumbed to Crazy Yiuf's poison

Levels and vault maps discovered:
D:1:      mrwooster_arrival_statue, layout_loops_ring, st_stairs_13
D:2:      minmay_chambers_of_ones, layout_loops_corners,
          yredelemnul_forgotten_temple_becter, first_ration,
          lemuel_altar_in_water
D:3:      layout_basic, minmay_misc_feat_five, uniq_crazy_yiuf_cottage,
          uniq_robin

Skill      XL: |  1  2  3  4 |
---------------+-------------+-----
Armour         | 3 |  3.0
Shields        | 3 |  3.0
Axes           | 2 3 |  3.8
Fighting       | 4 |  4.3
Dodging        | |  0.3

Action                   |  1- 3 |  4- 6 || total
-------------------------+-------+-------++-------
Melee: War axe           |   110 |   113 ||   223
       Headbutt          |    15 |    23 ||    38
  Use: Potion            |       |     1 ||     1
  Eat: Chunk             |     2 |     5 ||     7
Armor: Scale mail        |    49 |    33 ||    82
Dodge: Dodged            |    28 |    34 ||    62
Block: Kite shield       |    49 |    63 ||   112

Table legend:
 A = Non-vault XP
 B = Vault XP
 C = Vault XP percentage of total XP
 D = Non-vault monster count
 E = Vault monster count
 F = Vault count percentage of total count
                 A         B        C        D         E       F
            +---------+---------+-------+---------+---------+-------
      Total |     218 |      59 |  21.3 |      70 |      20 |  22.2
            +---------+---------+-------+---------+---------+-------
        D:1 |      40 |       5 |  11.1 |      23 |       2 |   8.0
        D:2 |      59 |      23 |  28.0 |      19 |       9 |  32.1
        D:3 |     119 |      31 |  20.7 |      28 |       9 |  24.3
            +---------+---------+-------+---------+---------+-------
